 Dungeon Crawl Stone Soup version 0.29-a0-757-g358383bc75 (webtiles) character file.

Game seed: 14902421383587380763

14617 buhh the Fighter (level 12, -1/112 HPs)
             Began as an Octopode Transmuter on June 30, 2022.
             Was an Elder of Cheibriados.
             Slain by a harpy simulacrum (5 damage)
             ... in an ice cave.
             The game lasted 00:47:40 (22053 turns).

buhh the Fighter (Octopode Transmuter)             Turns: 22053, Time: 00:47:41

Health: -1/112     AC: 10    Str: 21    XL:     12   Next: 18%
Magic:  15/15      EV: 14    Int: 29    God:    Cheibriados [****..]
Gold:   1369       SH:  0    Dex: 22    Spells: 2/15 levels left

rFire   + . .      SeeInvis .     - Unarmed
rCold   + + .      Faith    .   (shield currently unavailable)
rNeg    . . .      Spirit   .   (helmet currently unavailable)
rPois   +          Reflect  .   (no amulet)
rElec   .          Harm     .   d - ring of protection from fire
rCorr   .          Rampage  .   p - ring of flight
Will    .....                   a - ring of fire
Stlth   ++++......              (no ring)
HPRegen 0.28/turn               (no ring)
MPRegen 0.14/turn               (no ring)
                                (no ring)
                                (no ring)

@: ice-form (expiring), flying, very slow
A: freezing attack, boosted hp, almost no armour, amphibious, 8 rings, large,
(camouflage 1), (gelatinous body 1), (nimble swimmer 1), (tentacles)
a: End Transformation, Renounce Religion, Bend Time, Temporal Distortion, Slouch


You were in an ice cave.
You worshipped Cheibriados.
Cheibriados was greatly pleased with you.
You were a creature of crystalline ice.
You visited 2 branches of the dungeon, and saw 12 of its levels.
You also visited: Ossuary, Bailey and Ice Cave.

You collected 1642 gold pieces.
You spent 273 gold pieces at shops.

Inventory:

Missiles
 m - a throwing net {!f}
 s - 8 poisoned darts
Armour
 o - a +0 tower shield of cold resistance {!d}
Magical Staves
 q - a staff of fire
Jewellery
 a - a ring of fire (on tentacle)
 d - a ring of protection from fire (left front paw)
 p - a ring of flight (right front paw)
Wands
 n - a wand of flame (25)
Scrolls
 b - a scroll of fear {!r}
 g - 4 scrolls of identify {!d}
 j - 2 scrolls of vulnerability
 t - 4 scrolls of teleportation {!d}
 u - a scroll of poison
 P - a scroll of magic mapping {!r!d}
 Z - 2 scrolls of enchant armour
Potions
 e - 13 potions of degeneration
 f - a potion of might
 h - a potion of berserk rage {!q}
 i - 3 potions of attraction
 k - 4 potions of flight
 l - 3 potions of lignification {!d}
 B - 7 potions of ambrosia {!q!d}
 H - a potion of invisibility {!q!d}
 J - 2 potions of magic {!q!d}
 K - 2 potions of brilliance {!q!d}
 L - 2 potions of resistance {!q!d}
 N - 3 potions of curing {!q!d}
 O - a potion of haste {!q!d}
 U - a potion of mutation {!d}
Miscellaneous
 c - a condenser vane (inert)


   Skills:
 - Level 13.0 Fighting
 - Level 6.0 Dodging
 - Level 6.0 Stealth
 - Level 6.0 Unarmed Combat
 - Level 2.0 Spellcasting
 - Level 6.0 Transmutations
 - Level 9.0 Ice Magic
 * Level 5.0 Invocations


You had 2 spell levels left.
You knew the following spells:

 Your Spells              Type           Power      Damage    Failure   Level
a - Beastly Appendage     Tmut           74%        N/A       1%          1
b - Wereblood             Tmut           37%        N/A       1%          2
c - Spider Form           Tmut/Pois      20%        N/A       8%          3
d - Ice Form              Ice/Tmut       46%        N/A       3%          4
e - Ozocubu's Armour      Ice            53%        N/A       1%          3

Your spell library contained the following spells:

 Spells                   Type           Power      Damage    Failure   Level
 Foxfire                  Conj/Fire      16%        2x1d4     9%          1
 Ignite Poison            Fire/Tmut/Pois 21%        N/A       11%         3
 Confusing Touch          Hex            2%         N/A       26%         3
 Conjure Flame            Conj/Fire      4%         6-21      26%         3
 Dazzling Flash           Conj/Hex       4%         N/A       26%         3
 Gell's Gravitas          Tloc           2%         N/A       26%         3
 Inner Flame              Hex/Fire       4%         N/A       26%         3
 Lesser Beckoning         Tloc           2%         N/A       26%         3
 Mephitic Cloud           Conj/Pois/Air  2%         N/A       26%         3
 Teleport Other           Tloc           2%         N/A       26%         3
 Freezing Cloud           Conj/Ice/Air   10%        6-21      56%         5
 Yara's Violent Unravell  Hex/Tmut       10%        3d6       56%         5
 Flame Wave               Conj/Fire      4%         2d5       63%         4
 Iskenderun's Mystic Bla  Conj/Tloc      2%         2d3       63%         4
 Ozocubu's Refrigeration  Ice            26%        4d10      87%         7
 Starburst                Conj/Fire      2%         6d3       100%        6
 Enfeeble                 Hex            1%         N/A       100%        7


Dungeon Overview and Level Annotations

Branches:
Dungeon (11/15) Zot: 40432  Temple (1/1) D:6 Zot: 8739    Lair (0/6) D:11
Ossuary (visited)          Bailey (visited)           IceCv (1/1) Zot: 6710
    Orc: D:9-12

Altars:
Ashenzari
Cheibriados
Dithmenos
Elyvilon
Gozag
Hepliaklqana
Kikubaaqudgha
Makhleb
Nemelex Xobeh
Okawaru
Qazlal
Ru
Sif Muna
Uskayaw
Vehumet
Wu Jian
Xom
Yredelemnul
Zin
The Shining One

Shops:
D:7 **

Annotations:
D:3 exclusion: door
D:7 exclusion: centaur
D:10 Lodul, Snorg


Innate Abilities, Weirdness & Mutations

You are a creature of crystalline ice.
You have a powerful freezing melee attack.
Your maximum health is increased.
Your armour is entirely melded.
You are incapable of wielding weapons or throwing items.
You cannot wear most types of armour.
You are amphibious.
You can wear up to eight rings at the same time.
((Your skin changes colour to match your surroundings (Stealth+).))
((Your rubbery body absorbs attacks. (AC +1, EV +1)))
((You are camouflaged when in or above water. (Stealth+)))
((You have tentacles for arms and can constrict up to eight enemies at once.))


Message History

The entropy weaver simulacrum closely misses you.
Really read the scroll of immolation?
As you read the scroll of immolation {!d}, it crumbles to dust.
The creatures around you are filled with an inner flame!
The reaper hits you from afar with a +0 scythe of freezing!
The reaper freezes you.
The entropy weaver simulacrum hits you but does no damage.
The entropy weaver simulacrum hits you.
The entropy weaver simulacrum freezes you!
You resist. The entropy weaver simulacrum hits you.
The entropy weaver simulacrum freezes you.
You resist.
The entropy weaver simulacrum barely misses you.
The harpy simulacrum claws you! The harpy simulacrum freezes you. You resist.
The harpy simulacrum claws you.
* * * LOW HITPOINT WARNING * * *
The harpy simulacrum freezes you. You resist.
* * * LOW HITPOINT WARNING * * *
The harpy simulacrum claws you.
* * * LOW HITPOINT WARNING * * *
The harpy simulacrum freezes you. You resist.
* * * LOW HITPOINT WARNING * * *
The harpy simulacrum claws you but does no damage.
Okay, then.
The harpy simulacrum attacks as you move away!
The harpy simulacrum misses you.
The harpy simulacrum claws you but does no damage.
The harpy simulacrum claws you.
* * * LOW HITPOINT WARNING * * *
The harpy simulacrum freezes you. You resist.
* * * LOW HITPOINT WARNING * * *
The harpy simulacrum claws you.
* * * LOW HITPOINT WARNING * * *
The harpy simulacrum freezes you. You resist.
* * * LOW HITPOINT WARNING * * *
The harpy simulacrum completely misses you.
The harpy simulacrum claws you!
* * * LOW HITPOINT WARNING * * *
The harpy simulacrum freezes you. You resist.
You die...

$. #.#..... ###.
#####..##... ##..Z
###....####### #..Z.
##...#....### #
#ZZZ###..####.....##
#..2##..#####.....##
###..##...######....
#.Z###.....# ##...
###Y#.#[.[## ###.
##.###### ########
### ###....##.
###...#....#
###....#######
##...#### ####...##
##.....## ##
##.#..⌠..## #.


You could see a harpy simulacrum (inner flame).

Vanquished Creatures
  Pikel (D:6)
  Joseph (D:8)
  An ice statue (IceCv)
  A freezing wraith (IceCv)
  A queen bee (D:9)
  3 shadows
  A vampire (D:9)
  17 yaks
  2 wyverns (D:9)
  Grum (D:8)
  4 vampire mosquitoes (D:9)
  3 steam dragons
  A death yak simulacrum (IceCv)
  An acid dragon (D:9)
  13 orc warriors
  3 ice beasts
  2 black bears
  8 sky beasts
  2 wolves (D:8)
  3 centaurs
  4 ogres
  2 phantoms (D:6)
  A kobold brigand (D:7)
  An elf zombie (Ossuary)
  A cane toad simulacrum (IceCv)
  3 bullfrogs (D:7)
  4 gnoll sergeants
  A necrophage (D:7)
  2 scorpions
  3 two-headed ogre simulacra (IceCv)
  12 wights
  3 elephant simulacra (IceCv)
  35 killer bees
  6 electric eels (Bailey)
  6 howler monkeys
  A jelly (D:5)
  2 hounds
  7 orc priests
  A gnoll shaman (D:8)
  2 iguanas
  6 orc wizards
  7 spriggan simulacra (IceCv)
  5 troll simulacra (IceCv)
  2 polar bear simulacra (IceCv)
  3 wolf simulacra (IceCv)
  3 mummies (Ossuary)
  26 gnolls
  9 adders
  4 naga simulacra (IceCv)
  4 shadow imps
  6 white imps
  7 ufetubi (IceCv)
  4 adder zombies (Ossuary)
  2 worms
  2 dart slugs
  38 orcs
  8 ball pythons
  5 endoplasms
  3 giant cockroaches
  A gnoll zombie (Ossuary)
  15 goblins
  15 hobgoblins
  3 jackals (D:1)
  5 quokkas
  2 bats
  A frilled lizard (D:2)
  5 goblin zombies (Ossuary)
  A hobgoblin zombie (Ossuary)
  13 kobolds
  4 kobold zombies (Ossuary)
  2 quokka zombies (Ossuary)
  5 rats
382 creatures vanquished.

Vanquished Creatures (others)
  10 toadstools (D:3)
10 creatures vanquished.

Grand Total: 392 creatures vanquished

Notes
Turn   | Place    | Note
-------+----------+-------------------------------------------
     0 | D:1      | buhh the Octopode Transmuter began the quest for the Orb.
     0 | D:1      | Reached XP level 1. HP: 13/13 MP: 3/3
   143 | D:1      | Reached XP level 2. HP: 7/18 MP: 5/5
  1016 | D:1      | Found a faded altar of an unknown god.
  1118 | D:1      | Reached XP level 3. HP: 24/24 MP: 4/6
  1892 | D:2      | Reached skill level 2 in Fighting
  1900 | D:2      | Reached XP level 4. HP: 18/29 MP: 5/7
  3065 | D:3      | Reached XP level 5. HP: 31/36 MP: 8/8
  3201 | D:3      | Reached skill level 3 in Fighting
  3490 | D:4      | Reached skill level 4 in Fighting
  3671 | D:4      | Noticed an ogre
  4137 | D:4      | Found a glowing silver altar of Zin.
  4141 | D:4      | Learned a level 2 spell: Wereblood
  4145 | D:4      | Learned a level 3 spell: Spider Form
  4327 | D:4      | Killed an ogre
  4328 | D:4      | Reached XP level 6. HP: 44/44 MP: 6/9
  4696 | D:4      | Reached skill level 5 in Fighting
  5071 | D:5      | Entered Level 5 of the Dungeon
  5099 | D:5      | Reached XP level 7. HP: 38/50 MP: 10/10
  5276 | D:5      | Reached skill level 6 in Fighting
  5858 | D:5      | Found a broken altar of Ashenzari.
  6518 | D:5      | Reached XP level 8. HP: 40/57 MP: 8/11
  7711 | D:6      | Found an ornate altar of the Wu Jian Council.
  8546 | D:6      | Learned a level 4 spell: Ice Form
  8548 | D:6      | You fall into a shaft and drop 2 floors!
  8644 | D:8      | Noticed Grum
  8732 | D:8      | Found an iron altar of Okawaru.
  8748 | D:8      | Reached XP level 9. HP: 21/63 MP: 9/12
  8884 | D:8      | Reached skill level 7 in Fighting
  8955 | D:8      | Found a flagged portal.
  8990 | Bailey   | Entered a bailey
  9433 | Bailey   | Reached skill level 8 in Fighting
  9831 | Bailey   | Noticed an orc high priest
  9865 | Bailey   | Noticed a hellwing
  9865 | Bailey   | Noticed a rust devil
 10338 | Bailey   | Found the +1 cloak of Starlight {*Dazzle EV+4 Stlth--}
 10827 | Bailey   | Reached skill level 9 in Fighting
 11255 | Bailey   | Reached XP level 10. HP: 60/74 MP: 8/13
 11457 | Bailey   | Acquired 902 gold pieces
 11537 | Bailey   | Found an iron altar of Okawaru.
 12111 | D:7      | Identified the +11 shortbow of the Badger {flame, Contam
                  | rC+ SInv}
 12138 | D:7      | Found Dicobb's CLEARANCE SALE!.
 12155 | D:7      | Bought a potion of heal wounds for 30 gold pieces
 12155 | D:7      | Bought a scroll of poison for 21 gold pieces
 12326 | D:7      | Found a glowing silver altar of Zin.
 12339 | D:7      | Found a radiant altar of Vehumet.
 12397 | D:7      | Found a basalt altar of Yredelemnul.
 12398 | D:7      | Found a basalt altar of Yredelemnul.
 12407 | D:7      | Found a glowing golden altar of the Shining One.
 12408 | D:7      | Found Ygguq's Assorted Antiques.
 12415 | D:7      | Bought a potion of heal wounds for 125 gold pieces
 12415 | D:7      | Bought a scroll labelled GAVOME ETTORRA for 25 gold pieces
 12415 | D:7      | Bought a scroll of identify for 50 gold pieces
 12415 | D:7      | Bought a cyan potion for 22 gold pieces
 12505 | D:7      | Found a sand-covered staircase.
 12521 | Ossuary  | Entered an ossuary
 12801 | Ossuary  | Learned a level 3 spell: Ozocubu's Armour
 13592 | D:6      | Found a staircase to the Ecumenical Temple.
 13601 | Temple   | Entered the Ecumenical Temple
 13829 | D:7      | Noticed Pikel
 13848 | D:6      | Killed Pikel
 14198 | D:7      | Reached skill level 10 in Fighting
 14475 | D:7      | Noticed a deep elf pyromancer
 15364 | D:7      | Reached XP level 11. HP: 80/80 MP: 14/14
 15907 | D:8      | Found a shimmering altar of Xom.
 15916 | D:8      | Found a snail-covered altar of Cheibriados.
 15920 | D:8      | Became a worshipper of Cheibriados the Contemplative
 15957 | D:8      | Reached skill level 11 in Fighting
 16033 | D:8      | Killed Grum
 16292 | D:8      | Noticed Joseph
 16306 | D:8      | Killed Joseph
 16373 | D:8      | Noticed a moth of wrath
 16923 | D:9      | Reached * piety under Cheibriados
 17658 | D:9      | Reached ** piety under Cheibriados
 17668 | D:9      | Reached skill level 12 in Fighting
 18344 | D:9      | Reached *** piety under Cheibriados
 18675 | D:10     | Entered Level 10 of the Dungeon
 18687 | D:10     | Noticed Lodul
 19279 | D:10     | Noticed Snorg
 19680 | D:10     | Noticed a purple ugly thing
 19746 | D:10     | Reached XP level 12. HP: 87/87 MP: 11/15
 20067 | D:11     | Found a frozen archway.
 20071 | IceCv    | Entered an ice cave
 20097 | IceCv    | Reached skill level 13 in Fighting
 20415 | IceCv    | Reached **** piety under Cheibriados
 21828 | IceCv    | Noticed a reaper
 21865 | IceCv    | buhh: ??Reeaper
 21865 | IceCv    | beem: Reeaper ~ reaper[1/2]: A type 2 demon with no spells,
                  | but has high damage and HP and comes with a branded scythe.
                  | If the RNG hates you this will be distortion or pain.
 22053 | IceCv    | HP: 4/112 [harpy simulacrum (7)]
 22053 | IceCv    | Slain by a harpy simulacrum

Illustrated notes

Levels and vault maps discovered:
D:1:      dpeg_arrival_castle, layout_loops_ring,
          shapermc_ecumenical_altar_hornbeckon
D:2:      layout_loops_ring
D:3:      cheibrodos_fertilizer, layout_rooms, chequers_serial_rivers_marsh
D:4:      layout_loops_ring, old_standard_altar
D:5:      layout_loops_ring, mainiacjoe_overflow_24_doors,
          kennysheep_big_empty_room, minmay_splitting_lines
D:6:      layout_basic, nzn_wu_jian_council_hall, minmay_temple_entry_fiery
D:7:      minmay_the_grid_octo_tiled_octocenter [minmay_the_grid_octo_chip,
          minmay_the_grid_octo_fan_narrow, minmay_the_grid_octo_shrine,
          minmay_the_grid_octo_clover, minmay_the_grid_octo_prize_single_spiral,
          minmay_the_grid_square_5x5_eight_small,
          minmay_the_grid_square_5x5_forky,
          minmay_the_grid_square_5x5_two_small,
          minmay_the_grid_square_5x5_inner_i], layout_gridville,
          nicolae_vehumet_radiance, serial_shops,
          nicolae_shop_temple_entry_statues_fountains,
          nicolae_ossuary_entry_ruins, nicolae_shop_clearance, uniq_pikel
D:8:      layout_loops_corners, tgw_trog, okawaru_gym_becter,
          mainiacjoe_overflow_swirl, enter_bailey_7,
          chequers_serial_rivers_marsh, minmay_misc_feat_x, uniq_joseph,
          uniq_grum
D:9:      layout_long_grid, special_room [special_room_bee]
D:10:     layout_gridville, fedhas_altar_4, uniq_lodul, uniq_nergalle,
          uniq_snorg
D:11:     layout_rooms, lair_entry_dummy, portal_ice_cave_entry_pillars_2,
          gauntlet_entry_generic, dreamdust_mushroom_princess,
          kennysheep_windowed_goal
Temple:   compressed_dpeg_triangle_lava_temple
IceCv:    ice_cave_caverns_01

Skill      XL: |  1  2  3  4  5  6  7  8  9 10 11 12 |
---------------+-------------------------------------+-----
Stealth        | 1 3 4 5 6 |  6.0
Fighting       | 2 4 5 6 9 10 12 13 | 13.0
Unarmed Combat | 4 5 6 |  6.0
Transmutations | 4 6 |  6.0
Ice Magic      | 5 6 9 |  9.0
Dodging        | 6 |  6.0
Invocations    | 1 5 |  5.0
Spellcasting   | |  2.0

Action                   |  1- 3 |  4- 6 |  7- 9 | 10-12 || total
-------------------------+-------+-------+-------+-------++-------
Melee: Unarmed           |    80 |   126 |   276 |   635 ||  1117
       Kick              |    25 |    47 |    21 |       ||    93
       Constrict         |    19 |    35 |    15 |     3 ||    72
       Tentacles         |     5 |    29 |    10 |     1 ||    45
       Punch             |       |     4 |     5 |     1 ||    10
Throw: Dart              |       |    11 |     5 |       ||    16
 Cast: Beastly Appendage |    24 |    40 |    26 |       ||    90
       Spider Form       |       |     1 |    13 |       ||    14
       Ice Form          |       |       |    15 |    93 ||   108
       Wereblood         |       |       |     3 |     2 ||     5
       Ozocubu's Armour  |       |       |       |    18 ||    18
Evoke: Wand              |       |       |     8 |    16 ||    24
       Condenser vane    |       |       |       |     1 ||     1
  Use: Potion            |     1 |       |    10 |     6 ||    17
       Scroll            |     1 |     8 |     5 |    13 ||    27
 Stab: Sleeping          |     9 |     8 |     3 |     6 ||    26
       Confused          |       |       |       |     3 ||     3
Armor: Skin              |    16 |    10 |    67 |   247 ||   340
Dodge: Dodged            |    47 |    56 |   148 |   414 ||   665

Table legend: (Time is in decaauts)
 A = Elapsed time spent in this place.
 B = Non-inter-level travel time spent in this place.
 C = Inter-level travel time spent in this place.
 D = Time resting spent in this place.
 E = Time spent auto-exploring this place.
 F = Levels seen in this place.
 G = Mean time per level.
                   A        B        C        D        E       F      G
               +--------+--------+--------+--------+--------+-----+--------+
         Total |  22947 |  21957 |    990 |   8033 |   8446 |  15 | 1529.8 |
       Dungeon |  17129 |  16234 |    895 |   4681 |   7774 |  11 | 1557.2 |
        Temple |    173 |     78 |     95 |      0 |     61 |   1 |  173.0 |
       Ossuary |    415 |    415 |      0 |     98 |    191 |   1 |  415.0 |
        Bailey |   2941 |   2941 |      0 |   2131 |     43 |   1 | 2941.0 |
      Ice Cave |   2288 |   2288 |      0 |   1123 |    377 |   1 | 2288.0 |
               +--------+--------+--------+--------+--------+-----+--------+

Top non-repeatable levels by time:
  Bailey: 2941 daAuts
     D:9: 2548 daAuts
     D:5: 2367 daAuts
   IceCv: 2288 daAuts
     D:6: 2030 daAuts
     D:7: 1905 daAuts
     D:8: 1645 daAuts
    D:10: 1485 daAuts
     D:4: 1473 daAuts
     D:1: 1453 daAuts
     D:3: 1254 daAuts
     D:2: 898 daAuts
 Ossuary: 415 daAuts
  Temple: 173 daAuts
    D:11: 66 daAuts
